 Dungeon Crawl Stone Soup version 0.27-a0-1177-g245c70e (webtiles) character file.

Game seed: 6354968573605058542

2 Meow the Stinger (level 1, 12/15 HPs)
             Began as a Naga Venom Mage on May 16, 2021.
             Quit the game on level 1 of the Dungeon.
             The game lasted 00:00:19 (40 turns).

Meow the Stinger (Naga Venom Mage)                    Turns: 40, Time: 00:00:19

Health: 12/15      AC:  1    Str: 10    XL:     1   Next: 40%
Magic:  2/3        EV:  9    Int: 15    God:
Gold:   0          SH:  0    Dex: 11    Spells: 3/4 levels left

rFire    . . .     SeeInvis +   (no weapon)
rCold    . . .     Faith    .   (no shield)
rNeg     . . .     Spirit   .   a - +0 robe
rPois    +         Reflect  .   (no helmet)
rElec    .         Harm     .   (no cloak)
rCorr    .         Rampage  .   (no gloves)
Will     .....                  (no barding)
Stlth    ++........             (no amulet)
HPRegen  0.05/turn              (no ring)
MPRegen  0.08/turn              (no ring)

@: short of breath, very slow
A: AC +0, large, see invisible, deformed body, poison resistance, slowness 2,
spit poison 1, naga tail 1
a: Spit Poison


You were on level 1 of the Dungeon.
You visited 1 branch of the dungeon, and saw 1 of its levels.

Inventory:

Armour
 a - a +0 robe (worn)


   Skills:
 - Level 1.5 Dodging
 - Level 3.0 Stealth
 + Level 2.1 Spellcasting
 - Level 1.0 Transmutations
 + Level 4.1 Poison Magic


You had 3 spell levels left.
You knew the following spells:

 Your Spells              Type           Power      Damage    Failure   Level
a - Sting                 Tmut/Pois      36%        1d4       8%          1

Your spell library contained the following spells:

 Spells                   Type           Power      Damage    Failure   Level
 Poisonous Vapours        Pois/Air       14%        N/A       14%         2
 Ignite Poison            Fire/Tmut/Pois 6%         N/A       32%         3
 Mephitic Cloud           Conj/Pois/Air  5%         N/A       36%         3
 Olgreb's Toxic Radiance  Pois           14%        N/A       36%         4


Dungeon Overview and Level Annotations

Branches:
Dungeon (1/15)

Altars:


Innate Abilities, Weirdness & Mutations

Your serpentine skin is tough. (AC +0)
You have supernaturally acute eyesight. (SInv)
Armour fits poorly on your strangely shaped body.
Your system is resistant to poisons. (rPois)
You cover ground very slowly.
You can spit poison.
You have a snake-like lower body.


Message History

Found a staircase leading out of the dungeon.
Found an escape hatch in the floor.
You open the door.
There is an open door here. 2 jackals come into view.
Press: ? - help, Shift-Dir - straight line, f - jackal
Aim: a jackal (asleep)
The splash of poison hits the jackal.
The jackal is moderately wounded.
The jackal barks! x2
Unknown command.
There is an open door here.
You have got your breath back.
A jackal comes into view.
The jackal moves out of view.
The jackal barely misses you.
Press: ? - help, Shift-Dir - straight line, f/p - jackal
Aim: a jackal (moderately wounded)
The splash of poison hits the jackal.
The jackal is poisoned.
The jackal is severely wounded.
The jackal bites you. The jackal closely misses you.
Unknown command.
You kill the jackal!
The jackal barely misses you.
You have got your breath back.
The jackal closely misses you.
Press: ? - help, Shift-Dir - straight line, f/p - jackal
Aim: a jackal (moderately wounded)
The splash of poison hits the jackal.
The jackal is poisoned.
The jackal is almost dead.
The jackal bites you.
Unknown command.
Casting: Sting (safe; 8% risk of failure)
Confirm with . or Enter, or press ? or * to list all spells.
Aiming: Sting (safe; 8% risk of failure)
Press: ? - help, Shift-Dir - straight line, f/p - jackal
Aim: a jackal (almost dead, poisoned, 60% to hit)
The sting hits the jackal.
The jackal looks even sicker.
You kill the jackal!
Are you sure you want to abandon this character and quit the game? (Confirm with "yes".)

######### #####
#Z#^#Z#Z#######Z#Z#
###########^#^#Z#####
##+##Z#.@.....#######....
###...###h#####............
#Z#.>.....#^#^#####........
###...#########Z#Z#########
##'##^#Z# #####^#Z#Z#Z#
#.###### ######### #hh...#
####.## #.


You could see a kobold zombie, a spriggan zombie, a centaur zombie and a jackal.

Vanquished Creatures
  2 jackals (D:1)
2 creatures vanquished.

Notes
Turn   | Place    | Note
-------+----------+-------------------------------------------
     0 | D:1      | Meow the Naga Venom Mage began the quest for the Orb.
     0 | D:1      | Reached XP level 1. HP: 15/15 MP: 3/3
     0 | D:1      | Noticed a merfolk zombie
     3 | D:1      | Noticed a merfolk zombie
    11 | D:1      | Noticed a minotaur zombie
    15 | D:1      | Noticed a minotaur zombie
    40 | D:1      | Quit the game

Illustrated notes

Levels and vault maps discovered:
D:1:      shiori_arrival_whats_in_store_for_you, layout_loops_ring,
          ebering_ecumenical_altar_box

Action                   || total
-------------------------++-------
 Cast: Sting             ||     1
 Abil: Spit Poison       ||     3
Dodge: Dodged            ||     4

Table legend: (Time is in decaauts)
 A = Elapsed time spent in this place.
 B = Non-inter-level travel time spent in this place.
 C = Inter-level travel time spent in this place.
 D = Time resting spent in this place.
 E = Time spent auto-exploring this place.
 F = Levels seen in this place.
 G = Mean time per level.
                   A        B        C        D        E       F      G
               +--------+--------+--------+--------+--------+-----+--------+
         Total |     54 |     54 |      0 |      0 |     38 |   1 |   54.0 |
       Dungeon |     54 |     54 |      0 |      0 |     38 |   1 |   54.0 |
               +--------+--------+--------+--------+--------+-----+--------+

Top non-repeatable levels by time:
     D:1: 54 daAuts
